 Dungeon Crawl Stone Soup version 0.23.2-40-g277498a001 (webtiles) character file.

Game seed: 13383431884529202717

86 MalarOregon the Skirmisher (level 4, -3/57 HPs)
             Began as a Draconian Warper on Sept 18, 2019.
             Engulfed by a cloud of flame (11 damage)
             ... on level 3 of the Dungeon.
             The game lasted 00:03:06 (1575 turns).

MalarOregon the Skirmisher (Draconian Warper)       Turns: 1575, Time: 00:03:07

Health: -3/57      AC: 22    Str: 16    XL:     4   Next: 26%
Magic:  7/7        EV:  2    Int: 15    God:
Gold:   117        SH:  0    Dex: 11    Spells: 5/7 levels left

rFire    . . .     SeeInvis .   a - +0 falchion
rCold    . . .     Gourm    .   (no shield)
rNeg     + + +     Faith    .   (armour unavailable)
rPois    +         Spirit   .   (helmet currently unavailable)
rElec    .         Reflect  .   (cloak currently unavailable)
rCorr    .         Harm     .   (gloves currently unavailable)
MR       .....     NoTele   +   (boots currently unavailable)
Stlth    +.........             (no amulet)
HPRegen  0.59/turn              (no ring)
MPRegen  0.10/turn              (no ring)

@: tree-form, hasted, very quick
A: unfitting armour, clever 1, regeneration 1, strong 1, AC +5
a: no special abilities


You were on level 3 of the Dungeon.
You were not hungry.
You were a tree.
You visited 1 branch of the dungeon, and saw 3 of its levels.

You collected 117 gold pieces.

Inventory:

Hand Weapons
 a - a +0 falchion (weapon)
Missiles
 d - a tomahawk of dispersal (quivered) {!f}
Armour
 o - a +0 cloak (melded)
   (You found it on level 2 of the Dungeon)
Scrolls
 c - a scroll of blinking
 k - 5 scrolls of identify {unknown}
Potions
 m - a potion of mutation {!q}
Comestibles
 b - a chunk of flesh
 e - 6 rations {!d}


   Skills:
 + Level 3.3 Fighting
 + Level 3.0 Long Blades
 - Level 0.8 Throwing
 + Level 3.1 Dodging
 - Level 2.0 Spellcasting
 - Level 3.0 Translocations


You had 5 spell levels left.
You knew the following spells:

 Your Spells              Type           Power        Failure   Level  Hunger
b - Blink                 Tloc           N/A          10%         2    ###....

Your spell library contained the following spells:

 Spells                   Type           Power        Failure   Level  Hunger
 Shroud of Golubria       Chrm/Tloc      #.........   19%         2    ###....
 Gell's Gravitas          Tloc           ##........   19%         3    ###....
 Lesser Beckoning         Tloc           ##........   19%         3    ###....
 Teleport Other           Tloc           ##......     19%         3    ###....
 Passage of Golubria      Tloc           N/A          54%         4    #####..


Dungeon Overview and Level Annotations

Branches:
Dungeon (3/15)

Altars:
Ashenzari
Fedhas

Annotations:
D:3 Natasha


Innate Abilities, Weirdness & Mutations

((Your plain brown scales are hard. (AC +5)))
You cannot fit into any form of body armour.
((You are cold-blooded and may be slowed by cold attacks.))
Your mind is acute. (Int +2)
Your natural rate of healing is unusually fast.
Your muscles are strong. (Str +2)


Message History

The crimson imp disappears for a moment.
Natasha claws you but does no damage.
It was a potion of haste.
You feel yourself speed up.
You feel sick. Natasha claws you but does no damage.
It was a potion of heal wounds.
You feel much better.
It was a potion of curing.
You feel better. Natasha claws you but does no damage.
Throwing (i - inventory)
d - 5 tomahawks of dispersal (quivered)
{!f}
Aim: Natasha (moderately wounded, inner flame) Really fire
d - 5 tomahawks of dispersal {!f}?
You throw a tomahawk of dispersal {!f}.
The tomahawk of dispersal {!f} barely misses Natasha.
Natasha casts a spell.
Throwing (i - inventory)
d - 4 tomahawks of dispersal (quivered)
{!f}
Aim: Natasha (moderately wounded, inner flame) Really fire
d - 4 tomahawks of dispersal {!f}?
You throw a tomahawk of dispersal {!f}.
The tomahawk of dispersal {!f} hits Natasha but does no damage.
Throwing (i - inventory)
d - 3 tomahawks of dispersal (quivered)
{!f}
Aim: Natasha (moderately wounded, inner flame) Really fire
d - 3 tomahawks of dispersal {!f}?
You throw a tomahawk of dispersal {!f}.
The tomahawk of dispersal {!f} barely misses Natasha.
Natasha stares at you and mumbles some strange words.
You resist with some effort.
Throwing (i - inventory)
d - 2 tomahawks of dispersal (quivered)
{!f}
Aim: Natasha (moderately wounded, inner flame) Really fire
d - 2 tomahawks of dispersal {!f}?
You throw a tomahawk of dispersal {!f}.
The tomahawk of dispersal {!f} hits Natasha.
Natasha blinks!
You slash the frilled lizard!
The frilled lizard explodes!
The fiery explosion engulfs you!
The fiery explosion engulfs the crimson imp.
The crimson imp completely resists.
You are engulfed in blazing flames.
* * * LOW HITPOINT WARNING * * *
You hear a shout!
Unknown command.
You cannot move.
You are engulfed in blazing flames.
* * * LOW HITPOINT WARNING * * *
You are engulfed in blazing flames.
* * * LOW HITPOINT WARNING * * *
The crimson imp hits you but does no damage.
You are engulfed in blazing flames.
* * * LOW HITPOINT WARNING * * *
Unknown command.
You hit the crimson imp.
You are engulfed in blazing flames.
You die...

### #♣# #5#
#§# #h# #.#
#)#
#....l....#
#.........#
............


You could see Natasha (inner flame) and a crimson imp.

Vanquished Creatures
  3 adders (D:2)
  2 dart slugs
  A leopard gecko (D:2)
  A ball python (D:2)
  3 giant cockroaches
  11 hobgoblins
  3 jackals (D:2)
  8 bats
  4 frilled lizards
  4 goblins
  7 kobolds
  4 rats
51 creatures vanquished.

Notes
Turn   | Place    | Note
-------+----------+-------------------------------------------
     0 | D:1      | MalarOregon the Draconian Warper began the quest for the
                  | Orb.
     0 | D:1      | Reached XP level 1. HP: 17/17 MP: 3/3
   163 | D:1      | Reached XP level 2. HP: 21/25 MP: 5/5
   173 | D:1      | Learned a level 2 spell: Blink
   950 | D:2      | Reached XP level 3. HP: 30/30 MP: 6/6
  1073 | D:2      | Found a blossoming altar of Fedhas.
  1085 | D:2      | Found a shattered altar of Ashenzari.
  1202 | D:2      | Reached XP level 4. HP: 27/38 MP: 7/7
  1543 | D:3      | Noticed Natasha
  1562 | D:3      | Gained mutation: Your muscles are strong. (Str +2) [potion
                  | of mutation]
  1562 | D:3      | Gained mutation: Your natural rate of healing is unusually
                  | fast. [potion of mutation]
  1562 | D:3      | Gained mutation: Your mind is acute. (Int +2) [potion of
                  | mutation]
  1575 | D:3      | Engulfed by a cloud of flame

Skill      XL: |  1  2  3  4 |
---------------+-------------+-----
Fighting       | 3 |  3.3
Dodging        | 3 |  3.1
Long Blades    | 3 |  3.0
Throwing       | |  0.8
Spellcasting   | |  2.0
Translocations | |  3.0

Action                   |  1- 3 |  4- 6 || total
-------------------------+-------+-------++-------
Melee: Falchion          |   134 |    33 ||   167
       Tailslap          |    12 |     2 ||    14
Throw: Tomahawk          |       |     4 ||     4
  Use: Potion            |       |     6 ||     6
       Scroll            |       |     2 ||     2
 Stab: Sleeping          |       |     1 ||     1
  Eat: Chunk             |     1 |     1 ||     2
Armor: Skin              |    35 |    16 ||    51
Dodge: Dodged            |    95 |    19 ||   114
       Rpst.: Falchion   |    25 |     4 ||    29
